AoeStats
← SpaceWolf

African Clearing

510447866Analyzed
2v2 RM · 19h ago on Oct 1, 2026· 61m 10s· 4 players
Game mode
Random Map
Map size
Medium (4 player)
Population
200
Speed
Normal
Resources
Standard
Victory
Conquest
Starting age
Dark Age
Ending age
Imperial Age
RankedLock teamsTeams togetherTeam positionsShared explorationLock speedFull tech treeHidden civsTurbo modeCheats
Victory
Defeat
🇺🇸 Persians · United States
1476
+19
🇺🇸 Varangians · United States
1461
+19
🇺🇸 Malians · United States
1542
-19
🇺🇸 Varangians · United States
1532
-19
That Guy
12:48 Feudal Age
14:10 Loom
16:37 Castle Age
16:00 Double-Bit Axe
17:00 Man-at-Arms
17:44 Scale Mail Armor
18:22 Horse Collar
20:03 Long Swordsman
25:47 Wheelbarrow
25:58 Squires
27:07 Chain Mail Armor
28:32 Hand Cart
33:01 Imperial Age
31:06 Forging
31:14 Arson
32:09 Bow Saw
32:01 Heavy Plow
32:48 Iron Casting
32:18 Tigui
34:14 Plate Mail Armor
33:06 Two-Handed Swordsman
34:09 Conscription
33:57 Farimba
33:50 Town Watch
34:00 Fletching
34:26 Champion
35:27 Bloodlines
35:46 Gold Mining
35:55 Pikeman
36:52 Husbandry
37:36 Gold Shaft Mining
36:30 Heavy Camel Rider
36:39 Heavy Camel Rider
38:09 Farimba
37:53 Light Cavalry
39:01 Scale Barding Armor
40:08 Chain Barding Armor
41:38 Plate Barding Armor
53:21 Coinage
56:27 Banking
iron john
10:08 Loom
11:58 Feudal Age
16:08 Castle Age
13:55 Double-Bit Axe
28:55 Bow Saw
29:04 Horse Collar
31:01 Wheelbarrow
32:54 Town Watch
34:50 Ballistics
34:21 Fletching
35:05 Bloodlines
35:34 Scale Barding Armor
37:19 Chain Barding Armor
37:02 Husbandry
40:04 Imperial Age
39:06 Forging
41:52 Plate Barding Armor
41:58 Conscription
42:03 Heavy Plow
43:05 Two-Man Saw
42:49 Hand Cart
43:10 Iron Casting
42:57 Cavalier
43:00 Vendel Legacy
45:11 Blast Furnace
46:05 Coinage
47:23 Banking
49:07 Bodkin Arrow
51:11 Bracer
HaleDuck
9:48 Loom
12:10 Feudal Age
16:10 Castle Age
15:24 Fletching
22:45 Double-Bit Axe
22:52 Horse Collar
25:38 Wheelbarrow
26:00 Town Watch
27:25 Bloodlines
28:34 Hand Cart
30:34 Bow Saw
34:14 Imperial Age
31:59 Gold Mining
32:11 Husbandry
32:20 Scale Barding Armor
32:41 Forging
33:42 Chain Barding Armor
33:40 Heavy Plow
34:45 Iron Casting
34:58 Elite Jarl
36:51 Plate Barding Armor
37:27 Conscription
38:37 Blast Furnace
38:20 Siege Engineers
38:14 Elite Varangian Guard
38:54 Squires
38:42 Gambesons
38:58 Scale Mail Armor
39:20 Arson
39:17 Gothikon
40:39 Chain Mail Armor
42:03 Plate Mail Armor
44:32 Cranequins
45:47 Ballistics
45:19 Heavy Mounted Crossbowman
46:39 Bodkin Arrow
46:45 Padded Archer Armor
46:19 Vendel Legacy
47:56 Bracer
51:20 Chemistry
51:41 Pikeman
55:34 Guilds
55:54 Coinage
54:58 Halberdier
58:06 Town Patrol
59:49 Two-Man Saw
60:34 Banking
60:05 Caravan
SpaceWolf
6:36 Loom
12:42 Feudal Age
16:42 Castle Age
15:11 Double-Bit Axe
15:58 Fletching
17:58 Bodkin Arrow
24:25 Ballistics
25:39 Parthian Tactics
28:42 Bow Saw
29:39 Bloodlines
29:29 Husbandry
29:37 Horse Collar
30:27 Scale Barding Armor
32:38 Forging
35:05 Wheelbarrow
37:05 Chain Barding Armor
37:21 Iron Casting
37:03 Hand Cart
37:40 Heavy Plow
38:06 Town Watch
42:04 Thumb Ring
45:29 Imperial Age
43:36 Padded Archer Armor
44:31 Town Patrol
45:43 Leather Archer Armor
45:44 Gold Mining
45:27 Cavalier
47:11 Gold Shaft Mining
48:48 Chemistry
49:05 Crop Rotation
49:38 Two-Man Saw
51:38 Plate Barding Armor
52:03 Blast Furnace
51:35 Ring Archer Armor
56:00 Conscription
Connection lost

Rejoining the realm…

Still unreachable

The connection could not be restored.

Session expired

The server has moved on; the page needs a fresh start.